 Dungeon Crawl Stone Soup version 0.15-a0-1866-g491fd59 (webtiles) character file.

543082 Kenran the Slayer (level 26, -4/169 HPs)
             Began as a Gargoyle Fighter on July 4, 2014.
             Was the Champion of Makhleb.
             Slain by a phantasmal warrior (11 damage)
             ... on Level 5 of the Vaults.
             The game lasted 04:37:42 (58128 turns).

Kenran the Slayer (Gargoyle Fighter)               Turns: 58128, Time: 04:37:43

HP  -4/169       AC 48     Str 33      XL: 26   Next:  5%
MP  34/34        EV 27     Int 12      God: Makhleb [******]
Gold 4005        SH  0     Dex 21      Spells:  0 memorised, 25 levels left

rFire  + + +     SeeInvis .     E - +9 great mace (crush)
rCold  . . .     Clarity  .     b - +1 fire dragon armour of Aloleewayte {rF++ rC- Str+4 Dex+1}
rNeg   + + +     rCorr    .     (no shield)
rPois  +         rRot     +     w - +2 helmet
rElec  +         Spirit   .     D - +2 cloak
SustAb .         Warding  +     z - +1 pair of gloves of Sawelon {rF+ Curse}
rMut   .         Stasis   .     h - +0 pair of boots of Broken Taboos {Dex+5}
Gourm  .                        t - amulet "Qivuty" {Ward +Rage rElec rN+}
MR     ++...                    X - ring "Gaivumeirghu" {Wiz +Blink rN+ Slay+4}
                                W - ring of Zyoc Muwu {+Blink rElec rN+ Str+3 Int+3}

@: about to teleport, resistant, flying, very slightly contaminated, very
resistant to hostile enchantments, extremely unstealthy
A: able to fly continuously, big wings, frail 1, low mp 1, magic resistance 1,
negative energy resistance 1, electricity resistance, unbreathing, petrification
resistance, rot immunity, AC +19
a: Stop Flying, Minor Destruction, Lesser Servant of Makhleb, Major Destruction,
Greater Servant of Makhleb, Renounce Religion, Evoke Blink, Evoke Berserk Rage
}: 3/15 runes: barnacled, abyssal, gossamer


You were on level 5 of the Vaults.
You worshipped Makhleb.
Makhleb was exalted by your worship.
You were not hungry.

You visited 9 branches of the dungeon, and saw 51 of its levels.
You visited the Abyss 4 times.
You visited 1 bazaar.
You also visited: Labyrinth.

You collected 7138 gold pieces.
You spent 3133 gold pieces at shops.

Inventory:

Hand weapons
 j - a +7 great mace of crushing
 r - a +2 great mace of holy wrath
 E - a +9 great mace of crushing (weapon)
Armour
 b - the +1 fire dragon armour of Aloleewayte (worn) {rF++ rC- Str+4 Dex+1}
   (You bought it in a shop on level 4 of the Orcish Mines)

   It affects your strength (+4).
   It affects your dexterity (+1).
   It greatly protects you from fire.
   It makes you vulnerable to cold.
 h - the +0 pair of boots of Broken Taboos (worn) {Dex+5}
   (You bought it in a shop on level 11 of the Dungeon)

   It affects your dexterity (+5).
 n - the +7 chain mail "Frit" {+Blink}
   (You bought it in a shop on level 11 of the Dungeon)

   It lets you blink.
 s - a +2 plate armour of cold resistance
 w - a +2 helmet (worn)
 z - the +1 pair of gloves of Sawelon (worn) {rF+ Curse}
   (You bought it in a shop on level 11 of the Dungeon)

   It protects you from fire.
   It may recurse itself when equipped.
 D - a +2 cloak (worn)
Magical devices
 d - a wand of paralysis (14)
 m - a wand of hasting (2)
 p - a wand of heal wounds (5)
 A - a wand of random effects (8)
 S - a wand of frost (10)
Comestibles
 G - 19 bread rations
 L - 10 meat rations
Scrolls
 a - 22 scrolls of remove curse
 c - 3 scrolls of silence
 k - 17 scrolls of teleportation
 u - 9 scrolls of recharging
 x - 11 scrolls of magic mapping
 y - 8 scrolls of fear
 H - a scroll of blinking
 J - 2 scrolls of holy word
 K - 5 scrolls of fog
 M - a scroll of identify
 P - 6 scrolls of summoning
 Q - 8 scrolls of enchant weapon
 T - a scroll of vulnerability
 U - 2 scrolls of enchant armour
Jewellery
 i - a cursed -2 ring of slaying {unknown}
 o - an uncursed ring of see invisible
 t - the amulet "Qivuty" (around neck) {Ward +Rage rElec rN+}
   (You took it off a deep elf knight on level 3 of the Elven Halls)

   [amulet of warding]

   It may prevent the melee attacks of summoned creatures.
   It insulates you from electricity.
   It protects you from negative energy.
   It lets you go berserk.
 N - an uncursed ring of flight {unknown}
 W - the ring of Zyoc Muwu (left hand) {+Blink rElec rN+ Str+3 Int+3}
   (You took it off a deep elf demonologist on level 3 of the Elven Halls)

   [ring of intelligence]

   It affects your strength (+3).
   It affects your intelligence (+3).
   It insulates you from electricity.
   It protects you from negative energy.
   It lets you blink.
 X - the ring "Gaivumeirghu" (right hand) {Wiz +Blink rN+ Slay+4}
   (You found it on level 1 of the Elven Halls)

   [ring of wizardry]

   It improves your spell success rate.
   It affects your accuracy and damage with ranged weapons and melee attacks
   (+4).
   It protects you from negative energy.
   It lets you blink.
Potions
 e - 3 potions of might
 f - 16 potions of curing
 g - 6 potions of haste
 l - 2 potions of porridge
 v - 8 potions of agility
 C - 4 potions of brilliance
 V - 3 potions of restore abilities


   Skills:
 - Level 25.0 Fighting
 - Level 20.0 Maces & Flails
 - Level 20.0 Armour
 + Level 18.7 Dodging
   Level 3.2 Shields
 - Level 14.1 Invocations


You had 25 spell levels left.
You didn't know any spells.

Dungeon Overview and Level Annotations

Branches:
Dungeon (15/15)            Temple (1/1) D:4             Orc (4/4) D:10
    Elf (3/3) Orc:3          Lair (8/8) D:10         Shoals (5/5) Lair:5
 Spider (5/5) Lair:5        Slime (0/6) Lair:6       Vaults (5/5) D:13
  Crypt (0/3) Vaults:3        Zot (0/5) Depths:5     Depths (5/5) D:15

Altars:
Dithmenos
Fedhas
Gozag
Makhleb
Nemelex Xobeh
Okawaru
Qazlal
Trog
Vehumet
Xom
Yredelemnul
Zin
The Shining One
Beogh

Shops:
D:10 [   D:11 [   D:15 !   Orc:4 *:(}[   Vaults:2 %   Vaults:5 ::

Portals:
Hell: Depths:1 Depths:2 Depths:3 Depths:4 Depths:5
Abyss: Depths:4
Pandemonium: Depths:3
Ziggurat: Depths:1

Annotations:
Shoals:2 exclusion: Roxanne, Roxanne


Innate Abilities, Weirdness & Mutations

You are resistant to torment.
You are immune to poison.
You can fly continuously.
Your stone body is very resilient (AC +19).
Your wings are large and strong.
You resist negative energy.
You are resistant to electric shocks.
You can survive without breathing.
You are immune to petrification.
You are immune to rotting.
You are frail (-10% HP).
Your magical capacity is low (-10% MP).
You are resistant to hostile enchantments.


Message History

The phantasmal warrior barely misses you.
Found 283 gold pieces.
Found Irchoh's Book Shop and Peqaepem's Book Shoppe.
A fire giant, a phantasmal warrior and an ancient lich come into view.
Read which item? (? for menu, Esc to quit)
As you read the scroll of teleportation, it crumbles to dust.
You feel strangely unstable. The tengu reaver misses you.
The tengu reaver misses you. The tengu reaver barely misses you.
The phantasmal warrior hits you but does no damage.
The shadow dragon bites you but does no damage.
The shadow dragon claws you but does no damage. x2
Drink which item? (? for menu, Esc to quit)
You feel protected. The stone giant hits you!!
The ancient lich points at you and mumbles some strange words.
The bolt of cold hits you!
* * * LOW HITPOINT WARNING * * *
The ironheart preserver completely misses you.
The phantasmal warrior hits you!
You die...

....#..).#
.. #..).#
#....#
#....#
#....#
#######
#....#
##$...$##
#....#
#..$CCD.#
#....#
#..$eC@Q#
#....#
#..$LpW.#
#....#
+.$...p##
#....#
#+######
#....#
#....#
#....#
#....#
#....#
#....#


You could see a shadow dragon, an ancient lich, a fire giant, a stone giant, a
tengu reaver, an ironheart preserver, a deep elf death mage, an ettin, a
phantasmal warrior and an ironbrand convoker.

Vanquished Creatures
  Saint Roka (Depths:5)
  Sojobo (Vaults:3)
  Mara (Depths:2)
  3 golden dragons (Depths:5)
  Jory (Vaults:2)
  Xtahua (Depths:5)
  Nikola (Vaults:2)
  2 bone dragons
  Asterion (Depths:1)
  4 tentacled monstrosities
  6 liches
  A titan (Vaults:5)
  A deep elf blademaster (Elf:3)
  2 deep elf master archers (Elf:3)
  9 tentacled starspawn
  An octopode crusher (Depths:2)
  2 Executioners (Abyss:4)
  6 tengu reavers
  2 krakens
  4 sphinxes
  A daeva (Abyss:4)
  A shadow dragon (Depths:3)
  Ilsuiw (Shoals:5)
  7 fire giants
  An iron dragon (Depths:3)
  6 ghost moths
  4 frost giants
  A balrug (Abyss:1)
  15 deep elf sorcerers
  9 emperor scorpions
  A draconian scorcher (Abyss:1)
  9 vault wardens
  2 angels (Abyss:4)
  A draconian shifter (Depths:5)
  6 deep elf demonologists
  A reaper (Depths:3)
  18 stone giants
  A green draconian (Depths:5)
  5 dire elephants
  2 pale draconians
  13 deep elf annihilators
  A lorocyproca (Vaults:3)
  Azrael (D:15)
  A white draconian (Depths:5)
  A black draconian (Depths:5)
  A vampire knight (Vaults:3)
  8 ettins
  An unborn (Abyss:3)
  Snorg (Lair:5)
  4 merfolk javelineers
  5 minotaurs
  7 deep elf death magi
  9 fire dragons
  A green death (Abyss:4)
  2 sirens
  12 ironheart preservers
  8 deep elf high priests
  4 jiangshi
  32 vault guards
  4 merfolk impalers (Shoals:5)
  13 ogre magi
  10 hydras
  8 ice dragons
  5 great orbs of eyes
  8 yaktaur captains
  5 rakshasas
  A shambling mangrove (Abyss:3)
  3 spriggan air magi (Depths:5)
  9 deep troll earth magi
  A ravenous feature mimic (Lair:6)
  Erica (Lair:6)
  A ravenous item mimic (Spider:5)
  7 deep troll shamans
  7 merfolk aquamancers
  A vampire mage (Depths:4)
  11 death yaks
  6 tengu warriors
  A soul eater (Depths:2)
  4 spriggan berserkers
  2 hell hogs (Abyss:4)
  2 catoblepae
  17 thrashing horrors
  3 orc high priests (Orc:4)
  A shock serpent (shapeshifter) (Vaults:5)
  An iron troll (Depths:1)
  12 centaur warriors
  A spriggan (Depths:5)
  25 deep elf knights
  A fire crab (Vaults:4)
  9 wretched stars
  20 orb spiders
  10 skeletal warriors
  A sun demon (Abyss:1)
  A hell knight (Depths:2)
  A golden dragon zombie (Depths:4)
  14 very ugly things
  4 spatial maelstroms
  2 swamp dragons (Depths:4)
  2 giant orange brains (Depths:1)
  3 shadow wraiths
  15 sea snakes
  A storm dragon skeleton (Abyss:4)
  11 deep elf summoners
  14 unseen horrors
  6 flayed ghosts
  23 deep trolls
  38 large abominations
  10 water nymphs
  4 wizards
  23 orc knights
  A spectral hydra (Elf:1)
  A putrid demonspawn (Depths:3)
  4 necromancers
  37 wolf spiders
  2 tengu zombies
  6 orc sorcerers
  25 harpies
  A lindwurm (Lair:6)
  19 deep elf conjurers
  A hellion (Elf:2)
  10 hill giants
  17 ironbrand convokers
  A draconian (shapeshifter) (Abyss:1)
  11 griffons
  13 red wasps
  5 fauns
  A salamander (shapeshifter) (Vaults:1)
  An iron dragon zombie (Depths:4)
  A black mamba (shapeshifter) (D:14)
  2 phantasmal warriors (Vaults:4)
  6 worldbinders
  14 elephants
  3 salamanders
  14 cyclopes
  2 guardian serpents
  11 mermaids
  3 sixfirhies (Abyss:4)
  9 manticores
  6 gargoyles
  3 drowned souls
  An iron devil (Elf:2)
  An orange demon (Abyss:1)
  A moth of wrath (shapeshifter) (Abyss:1)
  2 apocalypse crabs
  6 vault sentinels
  4 torpor snails
  12 spiny frogs
  9 smoke demons
  A tormentor (Abyss:1)
  9 black mambas
  A yaktaur zombie (Vaults:4)
  5 kobold demonologists
  2 fire drakes
  3 efreet
  17 demonic crawlers
  47 yaktaurs
  A naga mage (Abyss:4)
  19 starcursed masses
  8 komodo dragons
  A centaur zombie (D:14)
  3 blue devils
  Grinder (D:3)
  15 trolls
  10 hellwings
  3 freezing wraiths
  41 jumping spiders
  A tengu conjurer (D:14)
  A merfolk (shapeshifter) (Vaults:1)
  36 merfolk
  Sonja (D:12)
  A wind drake (shapeshifter) (Vaults:2)
  16 deep elf priests
  9 polar bears
  3 wind drakes
  3 red devils
  12 ancient zymes
  22 slime creatures
  26 raiju
  A minotaur skeleton (Lab)
  10 air elementals
  An ice dragon zombie (D:14)
  A baby alligator (shapeshifter) (Depths:2)
  10 two-headed ogres
  18 blink frogs
  An ettin zombie (Abyss:4)
  A shock serpent simulacrum (Abyss:4)
  A raven (shapeshifter) (Elf:1)
  9 boulder beetles
  5 basilisks
  16 ravens
  A tarantella (shapeshifter) (Vaults:4)
  A redback (shapeshifter) (Vaults:5)
  76 redbacks
  A shapeshifter (Abyss:1)
  24 trapdoor spiders
  3 wraiths
  A shadow (D:12)
  32 tarantellas
  A trapdoor spider (shapeshifter) (Elf:2)
  A vampire (Depths:3)
  5 wyverns
  17 water elementals
  9 hogs (Lair:8)
  10 snapping turtles
  2 fire elementals (D:15)
  38 deep elf magi
  An ugly thing zombie (Depths:4)
  8 ynoxinuls
  3 fire bats (Abyss:1)
  A human skeleton (Vaults:4)
  2 hill giant zombies (D:14)
  9 hungry ghosts
  12 vampire mosquitoes
  52 deep elf fighters
  39 ugly things
  53 yaks
  2 golden eyes (Abyss:4)
  7 neqoxecs
  A soldier ant (D:11)
  A soldier ant (shapeshifter) (Depths:1)
  15 swamp worms
  3 nagas (Abyss:4)
  A spatial vortex (Abyss:4)
  23 wolves
  A mottled dragon (Vaults:2)
  9 wargs
  16 hell hounds
  A spectral spriggan (Elf:1)
  6 chaos spawn
  A tengu skeleton (D:11)
  A phantom (D:14)
  10 porcupines
  A manticore zombie (D:9)
  4 swamp drakes (Depths:4)
  32 small abominations
  20 spiders
  54 ogres
  2 sky beasts
  7 necrophages
  A spiny frog skeleton (Abyss:4)
  16 water moccasins
  13 ice beasts
  14 black bears
  A black bear (shapeshifter) (Depths:1)
  10 yellow wasps
  A tengu (shapeshifter) (Elf:3)
  5 boggarts (Depths:4)
  A manticore skeleton (D:15)
  57 orc warriors
  A boring beetle (shapeshifter) (Depths:3)
  16 centaurs
  19 crocodiles
  3 boring beetles
  15 hippogriffs
  2 brain worms
  A spiny frog simulacrum (Abyss:4)
  11 big kobolds
  Blork the orc (D:4)
  A glowing shapeshifter simulacrum (Vaults:4)
  A komodo dragon zombie (D:12)
  An earth elemental (Abyss:3)
  2 eyes of draining
  16 scorpions
  15 wights
  An eye of draining (shapeshifter) (Depths:2)
  A yak skeleton (D:9)
  9 killer bees
  4 quasits
  10 crimson imps
  2 centaur skeletons (D:8)
  2 gnoll shamans
  7 iguanas
  7 jellies
  28 hounds
  7 iron imps
  11 giant frogs
  3 goliath beetles
  6 orange rats
  41 orc wizards
  A two-headed ogre skeleton (D:10)
  18 worker ants
  41 sheep
  Natasha (thrice) (D:3)
  29 orc priests
  A mottled dragon zombie (D:9)
  An ogre skeleton (D:5)
  An ogre zombie (D:6)
  2 hound zombies
  2 mummies
  13 gnolls
  35 green rats
  4 shadow imps
  35 adders
  3 giant mites
  6 white imps
  14 ufetubi
  13 worms
  A giant eyeball (D:14)
  4 giant geckos
  2 oozes
  188 orcs
  4 ball pythons
  A bat zombie (D:5)
  4 giant cockroaches
  11 hobgoblins
  18 jackals
  29 kobolds
  16 quokkas
  11 bats
  A giant gecko zombie (D:6)
  2 giant newts
  A giant newt skeleton (D:4)
  17 goblins
  A hobgoblin zombie (D:8)
  2 orc skeletons
  5 orc zombies
  19 rats
  2 rat zombies
  A spectral ball python (Depths:3)
  5 ballistomycetes
  A bush (D:8)
  A crawling corpse (Elf:3)
  3 fungi
  2 macabre masses (Abyss:4)
  10 plants
  3 starspawn tentacles
  7 tentacles
  A tentacle segment (Shoals:5)
2873 creatures vanquished.

Vanquished Creatures (collateral kills)
  A minotaur (Lab)
  A harpy (shapeshifter) (D:12)
  A giant frog zombie (D:12)
  A worker ant (D:12)
  2 orcs (D:12)
6 creatures vanquished.

Vanquished Creatures (others)
  A spriggan berserker (Depths:1)
  2 unseen horrors (Abyss:4)
  A cyclops (Vaults:1)
  4 drowned souls (Shoals:5)
  A yaktaur (Vaults:4)
  A deep elf fighter (Vaults:1)
  7 lost souls
  A hound (Lair:8)
  An orc wizard (D:13)
  An orc (Vaults:3)
  3 giant spores
  3 lurking horrors
  2 crawling corpses (Elf:3)
  7 fungi
  13 plants
  18 starspawn tentacles
  33 starspawn tentacle segments (Abyss:4)
  12 tentacles
  132 tentacle segments
243 creatures vanquished.

Grand Total: 3122 creatures vanquished

Notes
Turn   | Place    | Note
--------------------------------------------------------------
     0 | D:1      | Kenran, the Gargoyle Fighter, began the quest for the Orb.
     0 | D:1      | Reached XP level 1. HP: 14/14 MP: 1/1
   211 | D:1      | Reached XP level 2. HP: 19/19 MP: 2/2
   688 | D:2      | Reached XP level 3. HP: 23/23 MP: 3/3
   866 | D:2      | Reached skill level 4 in Maces & Flails
   872 | D:2      | Reached XP level 4. HP: 28/28 MP: 4/4
  1293 | D:3      | Reached skill level 5 in Maces & Flails
  1293 | D:3      | Reached XP level 5. HP: 28/32 MP: 5/5
  1381 | D:3      | Noticed Grinder
  1395 | D:3      | Paralysed by Grinder for 4 turns
  1418 | D:3      | Killed Grinder
  1418 | D:3      | Reached skill level 6 in Maces & Flails
  1418 | D:3      | Reached XP level 6. HP: 28/37 MP: 6/6
  1432 | D:3      | Noticed Natasha
  1441 | D:3      | Killed Natasha
  1441 | D:3      | Reached skill level 7 in Maces & Flails
  1445 | D:3      | Noticed Natasha
  1452 | D:3      | Killed Natasha
  2005 | D:3      | Noticed Natasha
  2009 | D:3      | Killed Natasha
  2095 | D:4      | Reached XP level 7. HP: 39/41 MP: 7/7
  2441 | D:5      | Entered Level 5 of the Dungeon
  2450 | D:5      | Reached skill level 8 in Maces & Flails
  2871 | D:4      | Found a staircase to the Ecumenical Temple.
  2878 | Temple   | Entered the Ecumenical Temple
  2883 | Temple   | Became a worshipper of Makhleb the Destroyer
  2925 | D:4      | Noticed Blork the orc
  3274 | D:5      | Reached skill level 9 in Maces & Flails
  3274 | D:5      | Reached XP level 8. HP: 46/46 MP: 8/8
  3772 | D:5      | Acquired Makhleb's first power
  4027 | D:5      | Found a shimmering altar of Xom.
  4153 | D:4      | Killed Blork the orc
  4290 | D:4      | Reached skill level 10 in Maces & Flails
  4315 | D:4      | HP: 2/46 [worm (5)]
  5129 | D:6      | Acquired Makhleb's second power
  5176 | D:6      | Reached skill level 11 in Maces & Flails
  5307 | D:7      | Reached XP level 9. HP: 51/51 MP: 9/9
  6016 | D:7      | Acquired Makhleb's third power
  6016 | D:7      | Reached skill level 12 in Maces & Flails
  6343 | D:7      | Identified a scroll of acquirement
  6973 | D:7      | Reached skill level 13 in Maces & Flails
  7102 | D:8      | Found a radiant altar of Vehumet.
  7147 | D:8      | Acquired Makhleb's fourth power
  7183 | D:8      | Reached XP level 10. HP: 31/56 MP: 10/10
  7672 | D:8      | Reached skill level 14 in Maces & Flails
  7694 | D:8      | Found a blossoming altar of Fedhas.
  7911 | D:8      | Found a glowing silver altar of Zin.
  8415 | D:8      | Acquired Makhleb's fifth power
  8724 | D:9      | Found an opulent altar of Gozag.
  8730 | D:9      | Found a glowing golden altar of the Shining One.
  8730 | D:9      | Found a stormy altar of Qazlal.
  8782 | D:9      | Found an iron altar of Okawaru.
  9196 | D:10     | Entered Level 10 of the Dungeon
  9268 | D:9      | Reached skill level 15 in Maces & Flails
  9356 | D:10     | Reached XP level 11. HP: 60/60 MP: 11/11
  9412 | D:10     | Noticed a hill giant
  9418 | D:10     | Killed a hill giant
  9563 | D:10     | Reached skill level 16 in Maces & Flails
  9571 | D:10     | Found a staircase to the Lair.
  9687 | D:10     | Found Haaqiy's Antique Armour Boutique.
  9745 | D:10     | Found a staircase to the Orcish Mines.
 10020 | D:11     | Noticed a skeletal warrior
 10020 | D:11     | Noticed a skeletal warrior
 10020 | D:11     | Noticed a skeletal warrior
 10023 | D:11     | Noticed a skeletal warrior
 10023 | D:11     | Noticed a skeletal warrior
 10278 | Lair:1   | Entered Level 1 of the Lair of Beasts
 10422 | Lair:1   | Reached skill level 5 in Fighting
 11054 | Lair:2   | Reached XP level 12. HP: 60/75 MP: 12/12
 11250 | Lair:2   | Noticed a seven-headed hydra
 11259 | Lair:2   | Killed a seven-headed hydra
 11315 | Lair:2   | Reached skill level 10 in Fighting
 12770 | Lair:4   | Reached skill level 5 in Armour
 13107 | Lair:4   | Paralysed by a potion of paralysis for 5 turns
 13343 | Lair:5   | Reached XP level 13. HP: 86/86 MP: 13/13
 13503 | Lair:5   | Noticed Snorg
 13513 | Lair:5   | Killed Snorg
 13589 | Lair:5   | Found a staircase to the Shoals.
 13807 | Lair:5   | Reached skill level 10 in Armour
 13862 | Lair:5   | Noticed a seven-headed hydra
 13872 | Lair:5   | Killed a seven-headed hydra
 13932 | Lair:5   | Found a hole to the Spider Nest.
 14444 | Lair:6   | Found a staircase to the Shoals.
 14480 | Lair:6   | the staircase to the Shoals was a mimic.
 14621 | Shoals:1 | Entered Level 1 of the Shoals
 14788 | Lair:6   | Found a staircase to the Slime Pits.
 14807 | Lair:6   | Noticed Erica
 14823 | Lair:6   | Killed Erica
 14823 | Lair:6   | Reached skill level 1 in Invocations
 15008 | Lair:6   | Gained mutation: Your wings are large and strong. [gargoyle growth]
 15008 | Lair:6   | Reached XP level 14. HP: 92/92 MP: 15/18
 15563 | Lair:7   | Found an opulent altar of Gozag.
 15792 | Lair:7   | Reached skill level 17 in Maces & Flails
 16021 | Lair:8   | Entered Level 8 of the Lair of Beasts
 16469 | Lair:8   | Reached skill level 5 in Invocations
 16945 | Lair:8   | Reached skill level 18 in Maces & Flails
 17598 | Lair:2   | Identified a +2 rod of ignition (13/13) (You found it on level 2 of the Dungeon)
 17715 | Orc:1    | Entered Level 1 of the Orcish Mines
 18116 | Orc:3    | Found a staircase to the Elven Halls.
 18229 | Orc:1    | Reached XP level 15. HP: 83/96 MP: 25/25
 18614 | Orc:4    | Entered Level 4 of the Orcish Mines
 18614 | Orc:4    | Found Strish's Weapon Shop.
 19189 | Orc:4    | Found Clisonk's Antique Armour Emporium.
 19370 | Orc:4    | Reached skill level 19 in Maces & Flails
 19370 | Orc:4    | Paralysed by an orc sorcerer for 5 turns
 19565 | Orc:4    | Found Ruff's Gadget Boutique.
 19567 | Orc:4    | Bought a jacinth-encrusted fire dragon armour for 1820 gold pieces
 19568 | Orc:4    | Identified the +1 fire dragon armour of Aloleewayte {rF++ rC- Str+4 Dex+1} (You bought it in a shop on level 4 of the Orcish Mines)
 19570 | Orc:4    | Found Chiuc's Book Boutique.
 19572 | Orc:4    | Found Stig's Assorted Antiques.
 20068 | D:11     | Found Qole's Antique Armour Shop.
 20072 | D:11     | Bought a pair of dazzling boots for 256 gold pieces
 20073 | D:11     | Identified the +0 pair of boots of Broken Taboos {Dex+5} (You bought it in a shop on level 11 of the Dungeon)
 20286 | D:11     | Killed a skeletal warrior
 20289 | D:11     | Killed a skeletal warrior
 20306 | D:11     | Killed a skeletal warrior
 20311 | D:11     | Killed a skeletal warrior
 20315 | D:11     | Killed a skeletal warrior
 21052 | D:12     | Found a labyrinth entrance.
 21140 | Lab      | Entered a labyrinth
 21789 | Lab      | Identified the Disquisition on Supportive Orientation
 21792 | Lab      | Identified Sif Muna's Compendium of Hexes
 21804 | Lab      | Got an aquamarine-encrusted leather armour
 21816 | D:12     | Noticed Sonja
 21824 | D:12     | Killed Sonja
 22315 | D:13     | Found a burning altar of Makhleb.
 22502 | D:13     | Reached skill level 20 in Maces & Flails
 22615 | D:13     | Found a gate to the Vaults.
 22651 | D:13     | Reached XP level 16. HP: 104/104 MP: 26/26
 22961 | D:13     | Got a twitching steel ring
 23033 | D:13     | Identified the ring of Fanaticism {rPois Int+1} (You found it on level 13 of the Dungeon)
 23035 | D:13     | Identified the cursed -1 leather armour of the Sparrow {Str+2 Stlth+} (You found it in a labyrinth)
 24486 | D:14     | Got a shimmering buckler
 24519 | D:15     | Entered Level 15 of the Dungeon
 24642 | D:15     | Noticed Azrael
 24652 | D:15     | Reached skill level 15 in Fighting
 24662 | D:15     | Killed Azrael
 24675 | D:15     | Found Saza's Distillery.
 24722 | D:15     | Found a staircase to the Depths.
 25056 | D:15     | Found a basalt altar of Yredelemnul.
 25099 | D:15     | Found a glowing golden altar of the Shining One.
 25389 | Elf:1    | Entered Level 1 of the Elven Halls
 25851 | Elf:1    | Identified the Almanac of Enhancements
 26205 | Elf:1    | Got a steaming golden ring
 26220 | Elf:1    | Identified the ring "Gaivumeirghu" {Wiz +Blink rN+ Slay+4} (You found it on level 1 of the Elven Halls)
 26315 | D:11     | Bought a pair of pitted gloves for 256 gold pieces
 26316 | D:11     | Identified the +1 pair of gloves of Sawelon {rF+ Curse} (You bought it in a shop on level 11 of the Dungeon)
 26506 | Elf:2    | Reached XP level 17. HP: 80/116 MP: 27/27
 26688 | Elf:2    | Noticed a Hell Sentinel
 27250 | Elf:2    | Noticed a Hell Sentinel
 27490 | Elf:3    | Entered Level 3 of the Elven Halls
 27860 | Elf:3    | Cast into the Abyss (deep elf sorcerer)
 27905 | Abyss:1  | Reached skill level 15 in Armour
 28181 | Abyss:1  | Noticed a bone dragon
 28198 | Abyss:1  | Killed a bone dragon
 28357 | Abyss:1  | Paralysed by a great orb of eyes for 4 turns
 28801 | Abyss:1  | Found an ancient bone altar of Kikubaaqudgha.
 29174 | Abyss:1  | Reached XP level 18. HP: 100/100 MP: 28/28
 29217 | Abyss:1  | Gained mutation: You are extremely frail (-30% HP). [a neqoxec]
 29222 | Abyss:1  | Noticed a Hell Sentinel
 29289 | Abyss:2  | Noticed a bone dragon
 29303 | Abyss:2  | Killed a bone dragon
 29520 | Elf:3    | Escaped the Abyss
 29543 | Elf:3    | Noticed a deep elf master archer
 29559 | Elf:3    | Killed a deep elf master archer
 29579 | Elf:3    | Noticed a deep elf master archer
 29590 | Elf:3    | Cast into the Abyss (deep elf sorcerer)
 30005 | Abyss:2  | Found a deep blue altar of Sif Muna.
 30015 | Elf:3    | Escaped the Abyss
 30024 | Elf:3    | Killed a deep elf master archer
 30990 | Elf:3    | Cast into the Abyss (deep elf sorcerer)
 31050 | Abyss:1  | Found an iron altar of Okawaru.
 31078 | Elf:3    | Escaped the Abyss
 31153 | Elf:3    | Got a scintillating ruby amulet
 31158 | Elf:3    | Identified the amulet "Qivuty" {Ward +Rage rElec rN+} (You took it off a deep elf knight on level 3 of the Elven Halls)
 31170 | Elf:3    | Got a transparent amber ring
 31250 | Elf:3    | Cast into the Abyss (deep elf sorcerer)
 31276 | Abyss:2  | Found a corrupted altar of Lugonu.
 31567 | Abyss:3  | Noticed a lich
 31574 | Abyss:3  | Killed a lich
 31574 | Abyss:3  | Reached XP level 19. HP: 122/122 MP: 28/28
 31773 | Abyss:3  | Found a corrupted altar of Lugonu.
 31974 | Abyss:4  | Reached skill level 21 in Fighting
 31987 | Abyss:4  | HP: 6/123 [large abomination (18)]
 32111 | Abyss:4  | Found a corrupted altar of Lugonu.
 32134 | Abyss:4  | Found a corrupted altar of Lugonu.
 32277 | Abyss:4  | Gained mutation: Your magical capacity is low (-10% MP). [a neqoxec]
 32716 | Abyss:4  | Reached skill level 22 in Fighting
 32771 | Abyss:4  | Found a corrupted altar of Lugonu.
 32878 | Abyss:4  | Got an abyssal rune of Zot
 32895 | Abyss:4  | Reached XP level 20. HP: 131/131 MP: 26/26
 33188 | Elf:3    | Escaped the Abyss
 33195 | Elf:3    | Got a steaming bronze ring
 33198 | Elf:3    | Got a flickering turquoise ring
 33308 | Elf:3    | Identified the cursed ring of Pride {AC-2 Str-1 Dex+2} (You took it off a deep elf summoner on level 3 of the Elven Halls)
 33309 | Elf:3    | Identified the ring of the Bull {SustAb rPois Dex+1} (You took it off a deep elf sorcerer on level 3 of the Elven Halls)
 33310 | Elf:3    | Identified the ring of Zyoc Muwu {+Blink rElec rN+ Str+3 Int+3} (You took it off a deep elf demonologist on level 3 of the Elven Halls)
 33316 | Elf:3    | Gained mutation: You are resistant to hostile enchantments. [potion of beneficial mutation]
 33352 | Elf:3    | Noticed a deep elf blademaster
 33750 | Elf:3    | Killed a deep elf blademaster
 33811 | Elf:3    | Identified A Primer on Spellweaving
 34130 | Spider:1 | Entered Level 1 of the Spider Nest
 35465 | Shoals:2 | Noticed Roxanne
 35481 | Shoals:2 | Reached skill level 23 in Fighting
 37944 | Shoals:5 | Entered Level 5 of the Shoals
 37953 | Shoals:5 | Noticed Ilsuiw
 37982 | Shoals:5 | Killed Ilsuiw
 37991 | Shoals:5 | Reached skill level 1 in Dodging
 38233 | Shoals:5 | Got a barnacled rune of Zot
 38368 | Shoals:5 | Reached XP level 21. HP: 137/137 MP: 26/26
 38502 | Shoals:5 | Identified the Handbook of Supportive Earth
 40152 | Spider:1 | Reached skill level 5 in Dodging
 41282 | Spider:2 | Found a roughly hewn altar of Beogh.
 42977 | Spider:5 | Entered Level 5 of the Spider Nest
 43003 | Spider:5 | Got a pair of encrusted boots
 43004 | Spider:5 | Identified the cursed +1 pair of boots "Trotoseg" {Str+2} (You found it on level 5 of the Spider Nest)
 43523 | Spider:5 | Reached skill level 10 in Dodging
 43615 | Spider:5 | Reached XP level 22. HP: 118/144 MP: 5/27
 43812 | Spider:5 | Got a gossamer rune of Zot
 44802 | D:11     | Bought a pitted chain mail for 256 gold pieces
 44802 | D:11     | Bought a faintly humming ring mail for 243 gold pieces
 44803 | D:11     | Identified the +7 chain mail "Frit" {+Blink} (You bought it in a shop on level 11 of the Dungeon)
 44804 | D:11     | Identified the +2 ring mail of Righo {Dex+3 Int+4} (You bought it in a shop on level 11 of the Dungeon)
 44964 | Depths:1 | Entered Level 1 of the Depths
 44995 | Depths:1 | Found a gateway to a ziggurat.
 45327 | Depths:1 | Noticed Asterion
 45352 | Depths:1 | Killed Asterion
 45987 | Depths:1 | Found a gateway to Hell.
 46100 | Depths:1 | Found a bloodstained altar of Trog.
 46261 | Depths:2 | Noticed Mara
 46315 | Depths:2 | Noticed Kenran's illusion
 46367 | Depths:2 | Noticed Kenran's illusion
 46608 | Depths:2 | Noticed Kenran's illusion
 46608 | Depths:2 | Killed Mara
 47387 | Depths:2 | Reached XP level 23. HP: 144/148 MP: 29/29
 47388 | Depths:2 | Reached skill level 10 in Invocations
 47802 | Depths:3 | Found a one-way gate leading to the halls of Pandemonium.
 49195 | Depths:4 | Found a one-way gate to the infinite horrors of the Abyss.
 49706 | Depths:4 | Reached skill level 15 in Dodging
 50126 | Depths:5 | Entered Level 5 of the Depths
 50213 | Depths:5 | Found a gate to the Realm of Zot.
 50308 | Depths:5 | Noticed Saint Roka
 50480 | Depths:5 | Killed Saint Roka
 50532 | Depths:5 | Reached XP level 24. HP: 138/153 MP: 32/32
 51003 | Depths:5 | Noticed Xtahua
 51014 | Depths:5 | Killed Xtahua
 51621 | Vaults:1 | Entered Level 1 of the Vaults
 51920 | Vaults:1 | Found a flickering gateway to a bazaar.
 51967 | Bazaar   | Entered a bazaar
 51967 | Bazaar   | Found Crulust's Antique Weapon Emporium.
 51967 | Bazaar   | Found Twyi's General Store.
 51968 | Bazaar   | Found Pniuqut's Jewellery Shoppe.
 51969 | Bazaar   | Found Cleif's Gadget Boutique.
 52026 | Bazaar   | Bought a scroll of brand weapon for 220 gold pieces
 52026 | Bazaar   | Bought a scroll of blinking for 82 gold pieces
 53523 | Vaults:2 | Noticed Jory
 53523 | Vaults:2 | Noticed Nikola
 53552 | Vaults:2 | Killed Nikola
 53562 | Vaults:2 | Killed Jory
 53568 | Vaults:2 | Got a pair of pitted gloves
 53834 | Vaults:2 | Found Heegh's Food Shoppe.
 54732 | Vaults:3 | Reached XP level 25. HP: 160/160 MP: 33/33
 54783 | Vaults:3 | Noticed Sojobo
 55381 | Vaults:3 | Reached skill level 24 in Fighting
 55396 | Vaults:3 | Found a staircase to the Crypt.
 55651 | Vaults:3 | Killed Sojobo
 57402 | Vaults:4 | Reached skill level 25 in Fighting
 57556 | Vaults:4 | Identified the cursed +0 pair of gloves of Qotra {Dex-1 Int+4} (You took it off Nikola on level 2 of the Vaults)
 57623 | Vaults:5 | Entered Level 5 of the Vaults
 58023 | Vaults:5 | Reached XP level 26. HP: 143/169 MP: 34/34
 58126 | Vaults:5 | Found Irchoh's Book Shop.
 58126 | Vaults:5 | Found Peqaepem's Book Shoppe.
 58127 | Vaults:5 | Noticed an ancient lich
 58128 | Vaults:5 | HP: 7/169 [ancient lich/bolt of cold (62)]
 58128 | Vaults:5 | Slain by a phantasmal warrior

Action                   |  1- 3 |  4- 6 |  7- 9 | 10-12 | 13-15 | 16-18 | 19-21 | 22-24 | 25-27 || total
-------------------------+-------+-------+-------+-------+-------+-------+-------+-------+-------++-------
Melee: Flail             |   106 |   192 |   512 |       |       |       |       |       |       ||   810
       Great mace        |       |       |    69 |   720 |  1412 |  1189 |  1703 |  1710 |   670 ||  7473
Invok: Greater Servant o |       |       |       |       |     1 |       |       |       |     1 ||     2
       Major Destruction |       |       |       |       |       |       |       |       |     1 ||     1
 Abil: Fly               |       |       |       |       |     1 |       |     1 |       |       ||     2
Evoke: Wand              |       |       |       |     5 |     2 |     5 |     6 |     2 |       ||    20
  Use: Scroll            |     4 |     5 |    10 |    13 |    11 |    15 |    15 |    13 |     9 ||    95
       Potion            |       |       |     2 |     4 |     3 |     5 |     6 |     4 |     3 ||    27
 Stab: Fleeing           |       |       |       |       |     1 |       |       |       |       ||     1
       Held in net/web   |       |       |       |       |       |       |     2 |       |       ||     2
       Distracted        |       |       |       |       |       |       |       |       |     1 ||     1
